 Seeded DCSS version 0.27.1-33-g824d729ab1 (webtiles) character file.

Game seed: 9994578473121069481 (custom seed)

89 croobank the Insei (level 4, 0/28 HPs)
             Began as an Octopode Transmuter on Dec 4, 2021.
             Was a Follower of Uskayaw.
             Killed from afar by an orc wizard (10 damage)
             ... with a puff of flame
             ... summoned by an orc
             ... on level 3 of the Dungeon.
             The game lasted 00:19:37 (3022 turns).

croobank the Insei (Octopode Transmuter)            Turns: 3022, Time: 00:19:41

Health: 0/28       AC:  2    Str: 10    XL:     4   Next: 55%
Magic:  16/16      EV: 13    Int: 18    God:    Uskayaw [*.....]
Gold:   96         SH:  4    Dex: 12    Spells: 6/7 levels left

rFire    . . .     SeeInvis .     - Unarmed
rCold    . . .     Faith    .   d - +0 buckler
rNeg     . . .     Spirit   .   h - +1 hat {Int+3}
rPois    .         Reflect  .   (no amulet)
rElec    .         Harm     .   c - ring of magical power
rCorr    .         Rampage  .   (no ring)
Will     .....                  (no ring)
Stlth    ++........             (no ring)
HPRegen  0.09/turn              (no ring)
MPRegen  0.15/turn              (no ring)
                                (no ring)
                                (no ring)

@: no status effects
A: almost no armour, amphibious, 8 rings, camouflage 1, gelatinous body 1,
(nimble swimmer 1), tentacles
a: Renounce Religion, Stomp


You were on level 3 of the Dungeon.
You worshipped Uskayaw.
Uskayaw was noncommittal.
You visited 1 branch of the dungeon, and saw 3 of its levels.

You collected 96 gold pieces.

Inventory:

Hand Weapons
 b - a +0 hunting sling
Missiles
 a - 80 arrows
 e - 14 sling bullets
 f - 66 bolts
 g - 21 poisoned darts
Armour
 d - a +0 buckler (worn)
 h - a +1 hat of intelligence (worn)
Jewellery
 c - a ring of magical power (left tentacle)
Wands
 l - a wand of paralysis (4)
Scrolls
 i - a scroll of identify
 j - a scroll of teleportation {unknown}
 k - a scroll of enchant armour {unknown}


   Skills:
 - Level 1.0 Fighting
 - Level 2.3 Dodging
 - Level 0.2 Stealth
 * Level 1.6 Shields
 - Level 4.0 Unarmed Combat
 - Level 2.2 Spellcasting
 + Level 2.1 Transmutations
 * Level 1.3 Earth Magic


You had 6 spell levels left.
You knew the following spells:

 Your Spells              Type           Power      Damage    Failure   Level
a - Beastly Appendage     Tmut           18%        N/A       10%         1

Your spell library contained the following spells:

 Spells                   Type           Power      Damage    Failure   Level
 Wereblood                Tmut           9%         N/A       14%         2
 Foxfire                  Conj/Fire      4%         2x1d4     24%         1
 Spider Form              Tmut/Pois      2%         N/A       41%         3
 Conjure Flame            Conj/Fire      1%         6-21      56%         3
 Inner Flame              Hex/Fire       1%         N/A       56%         3
 Ice Form                 Ice/Tmut       5%         N/A       83%         4
 Leda's Liquefaction      Hex/Erth       2%         N/A       87%         4
 Bolt of Magma            Conj/Fire/Erth 1%         4d4       99%         5
 Statue Form              Tmut/Erth      5%         N/A       100%        6


Dungeon Overview and Level Annotations

Branches:
Dungeon (3/15)

Altars:
Uskayaw

Shops:
D:1 *=


Innate Abilities, Weirdness & Mutations

You cannot wear most types of armour.
You are amphibious.
You can wear up to eight rings at the same time.
Your skin changes colour to match your surroundings (Stealth+).
Your rubbery body absorbs attacks. (AC +1, EV +1)
((You are camouflaged near water. (Stealth+)))
You have tentacles for arms and can constrict up to eight enemies at once.


Message History

An orc comes into view. It is wielding a +0 hand axe.
Found 2 scrolls of identify.
An endoplasm comes into view.
The orc shouts!
The orc reads a scroll.
Wisps of shadow swirl around the orc.
You see here 24 bolts.
You tentacle-slap the orc. You grab the orc.
The orc is severely wounded.
You constrict the orc.
You kill the orc!
The orc's corpse dissolves into shadows!
The orc hits you with a +0 hand axe.
You barely miss the orc. Your grab misses the orc.
The orc hits you but does no damage.
You closely miss the orc. Your grab misses the orc. The orc misses you.
The orc closely misses you.
You tentacle-slap the orc. You grab the orc.
The orc is heavily wounded.
You constrict the orc. The orc barely misses you.
You barely miss the orc.
The orc is almost dead.
You constrict the orc.
You kill the orc!
The orc's corpse dissolves into shadows!
You tentacle-slap the orc wizard. Your grab misses the orc wizard.
The orc wizard is moderately wounded.
The orc wizard hits you with a +0 dagger.
The orc hits you with a +0 hand axe.
You tentacle-slap the orc wizard but do no damage.
You grab the orc wizard. You squeeze the orc wizard.
The orc wizard is heavily wounded.
You constrict the orc wizard. The orc completely misses you.
The orc wizard hits you with a +0 dagger.
You tentacle-slap the orc wizard.
The orc wizard is almost dead.
You constrict the orc wizard. The frilled lizard bites you.
The orc hits you with a +0 hand axe. The orc wizard casts a spell at you.
The puff of flame hits you!
You die...

#.. ##### .. #. #...#
#.##.# #...# .. J.?
#...# #.###.# #...######
..# ...#..oo....#
#######.####.#.loo..?.##
...............(@ooo....
#######.####.#.#o##..###
##.####.#...# ..#
#..†....#.#### #
####.#.#####.# .
#....#..# #.#.#
#.##.##.## #.#.#
#.#####..# #...#
#.)......###.###


You could see an orc wizard (summoned), 7 orcs and a frilled lizard (summoned).

Vanquished Creatures
  An adder (D:2)
  2 worms (D:2)
  A dart slug (D:1)
  4 orcs
  9 bats
  6 endoplasms
  3 giant cockroaches (D:1)
  9 goblins
  4 hobgoblins
  3 jackals (D:3)
  A quokka (D:2)
  8 ball pythons
  3 frilled lizards
  5 kobolds
  5 rats
64 creatures vanquished.

Notes
Turn   | Place    | Note
-------+----------+-------------------------------------------
     0 | D:1      | croobank the Octopode Transmuter began the quest for the
                  | Orb.
     0 | D:1      | Reached XP level 1. HP: 13/13 MP: 3/3
   115 | D:1      | Found Jauson's Jewellery Shoppe.
   283 | D:1      | Reached XP level 2. HP: 18/18 MP: 5/5
   678 | D:1      | Reached XP level 3. HP: 23/23 MP: 6/6
   752 | D:1      | Found a faded altar of an unknown god.
  1101 | D:1      | Identified a scroll of acquirement
  1101 | D:1      | Acquired a +1 hat of intelligence
  1131 | D:1      | Became a worshipper of Uskayaw the Reveller
  1131 | D:1      | Reached * piety under Uskayaw
  1234 | D:1      | Found Esseish's General Store.
  1291 | D:2      | Reached skill level 4 in Unarmed Combat
  1454 | D:2      | Reached ** piety under Uskayaw
  1791 | D:2      | Reached skill level 1 in Earth Magic
  1791 | D:2      | Reached XP level 4. HP: 28/28 MP: 7/7
  1861 | D:2      | Reached skill level 1 in Shields
  3022 | D:3      | Killed from afar by an orc wizard

Illustrated notes

Levels and vault maps discovered:
D:1:      zelgadis_glass_arrival_small, layout_basic,
          hellmonk_ecumenical_altar_arch_garden, serial_shops,
          nicolae_lakefront_shop, nicolae_shop_crystal
D:2:      layout_loops_ring
D:3:      layout_basic

Skill      XL: |  1  2  3  4 |
---------------+-------------+-----
Unarmed Combat | 4 |  4.0
Earth Magic    | 1 |  1.3
Shields        | 1 |  1.6
Fighting       | |  1.0
Dodging        | |  2.3
Stealth        | |  0.2
Spellcasting   | |  2.2
Transmutations | |  2.1

Action                   |  1- 3 |  4- 6 || total
-------------------------+-------+-------++-------
Melee: Unarmed           |    80 |    48 ||   128
       Constrict         |    19 |    14 ||    33
       Punch             |     2 |     2 ||     4
       Tentacles         |     6 |     8 ||    14
  Use: Scroll            |     3 |       ||     3
       Potion            |     3 |       ||     3
 Stab: Sleeping          |     6 |     4 ||    10
Armor: Skin              |    19 |     8 ||    27
Dodge: Dodged            |    45 |    19 ||    64
Block: Buckler           |     5 |     3 ||     8
